 Dungeon Crawl Stone Soup version 0.28-a0-1415-g7c84da036a (webtiles) character file.

Game seed: 6143842539967269171

3012 zap2161 the Zephyrmancer (level 9, -9/48 HPs)
             Began as a Tengu Air Elementalist on Jan 8, 2022.
             Was a Follower of Vehumet.
             Mangled by an eight-headed hydra (17 damage)
             ... on level 7 of the Dungeon.
             The game lasted 01:50:09 (7101 turns).

zap2161 the Zephyrmancer (Tengu Air Elementalist)   Turns: 7101, Time: 01:50:10

Health: -9/48      AC:  2    Str:  8    XL:     9   Next: 84%
Magic:  11/20      EV: 15    Int: 21    God:    Vehumet [*.....]
Gold:   388        SH:  5    Dex: 14    Spells: 5/22 levels left

rFire   . . .      SeeInvis +   K - +2 short sword (venom)
rCold   . . .      Faith    .   (no shield)
rNeg    . . .      Spirit   .   a - +0 robe
rPois   .          Reflect  +   (helmet restricted)
rElec   .          Harm     .   (no cloak)
rCorr   .          Rampage  .   (no gloves)
Will    +....                   (boots unavailable)
Stlth   ++........              r - amulet of reflection
HPRegen 0.16/turn               g - ring of willpower
MPRegen 0.17/turn               l - ring of see invisible

@: swift, flying quickly and evasively, very quick
A: beak, talons 3, nimble flight
a: Renounce Religion


You were on level 7 of the Dungeon.
You worshipped Vehumet.
Vehumet was aware of your devotion.
You visited 2 branches of the dungeon, and saw 8 of its levels.
You also visited: Ossuary.

You collected 414 gold pieces.
You spent 26 gold pieces at shops.

Inventory:

Hand Weapons
 K - a +2 short sword of venom (weapon)
Missiles
 d - 411 stones (quivered)
 e - 72 arrows
 i - 60 bolts
 m - 9 poisoned darts
 n - 5 boomerangs
 s - 68 sling bullets
 J - a curare-tipped dart
Armour
 a - a +0 robe (worn)
 A - a +5 chain mail
Magical Staves
 q - a staff of death
Jewellery
 b - a ring of fire
 g - a ring of willpower (left hand)
 l - a ring of see invisible (right hand)
 p - a ring of protection from cold
 r - an amulet of reflection (around neck)
 u - an amulet of guardian spirit
 F - a ring of protection from fire
Wands
 f - a wand of polymorph (3)
Scrolls
 c - 4 scrolls of teleportation {unknown}
 j - 3 scrolls of fog
 o - a scroll of immolation {unknown}
 v - 2 scrolls of enchant armour
 y - a scroll of vulnerability
 D - a scroll of enchant weapon {unknown}
 H - 2 scrolls of torment {unknown}
Potions
 h - 2 potions of lignification
 k - 6 potions of attraction
 w - 4 potions of curing
 x - a potion of might
 B - a potion of flight {unknown}
 E - a potion of mutation {unknown}


   Skills:
 + Level 1.9 Fighting
 + Level 0.5 Short Blades
 + Level 3.6 Dodging
 + Level 3.6 Stealth
 - Level 0.1 Shields
 + Level 7.3 Spellcasting
 + Level 8.5 Conjurations
 + Level 10.4 Air Magic
 + Level 0.3 Evocations


You had 5 spell levels left.
You knew the following spells:

 Your Spells              Type           Power      Damage    Failure   Level
a - Shock                 Conj/Air       100%       1d9       1%          1
b - Static Discharge      Conj/Air       47%        N/A       1%          2
c - Swiftness             Air            51%        N/A       1%          3
d - Airstrike             Air            25%        N/A       1%          4
e - Lightning Bolt        Conj/Air       23%        1d39      4%          5
f - Searing Ray           Conj           86%        2d7       1%          2

Your spell library contained the following spells:

 Spells                   Type           Power      Damage    Failure   Level
 Ensorcelled Hibernation  Hex/Ice        14%        N/A       13%         2
 Call Canine Familiar     Summ           7%         N/A       26%         3
 Portal Projectile        Hex/Tloc       14%        N/A       26%         3
 Spider Form              Tmut/Pois      7%         N/A       26%         3
 Tukima's Dance           Hex            7%         N/A       26%         3
 Leda's Liquefaction      Hex/Erth       3%         N/A       65%         4
 Enfeeble                 Hex            3%         N/A       100%        7
 Maxwell's Capacitive Co  Air            25%        ∞         100%        8


Dungeon Overview and Level Annotations

Branches:
Dungeon (7/15)             Temple (1/1) D:5         Ossuary (visited)

Altars:
Ashenzari
Cheibriados
Dithmenos
Elyvilon
Fedhas
Gozag
Hepliaklqana
Kikubaaqudgha
Makhleb
Okawaru
Qazlal
Ru
Sif Muna
Trog
Uskayaw
Vehumet
Wu Jian
Xom
Yredelemnul
The Shining One

Shops:
D:2 ?

Annotations:
D:2 Pargi


Innate Abilities, Weirdness & Mutations

You have a beak for a mouth.
You have claws for feet.
Your magical nature lets you fly swiftly and evasively.


Message History

Casting: Shock (safe; 1% risk of failure)
Confirm with . or Enter, or press ? or * to list all spells.
Aiming: Searing Ray (safe; 1% risk of failure)
Press: ? - help, Shift-Dir - straight line, f - eight-headed hydra
Aim: an eight-headed hydra (wandering, hasn't noticed you, 94% to hit)
The searing ray hits the eight-headed hydra!
The eight-headed hydra is lightly wounded.
The eight-headed hydra roars! (Press . to maintain the ray.)
The searing ray hits the eight-headed hydra.
The eight-headed hydra is lightly wounded.
The searing ray hits the eight-headed hydra!
The eight-headed hydra is moderately wounded.
Casting: Searing Ray (safe; 1% risk of failure)
Confirm with . or Enter, or press ? or * to list all spells.
Okay, then.
Hit: K) +2 short sword (venom)
Press: ? - help, Dir - move target, f/p - eight-headed hydra
Aim: an eight-headed hydra (moderately wounded, about 20% to evade your +2 short sword of venom)
Okay, then.
Casting: Searing Ray (safe; 1% risk of failure)
Confirm with . or Enter, or press ? or * to list all spells.
The eight-headed hydra is struck by an arc of lightning!
The eight-headed hydra is heavily wounded.
The lightning grounds out.
The eight-headed hydra bites you!
The eight-headed hydra closely misses you.
The eight-headed hydra bites you! x2
You block the eight-headed hydra's attack.
The eight-headed hydra misses you.
You block the eight-headed hydra's attack.
The eight-headed hydra misses you.
Casting: Static Discharge (safe; 1% risk of failure)
Confirm with . or Enter, or press ? or * to list all spells.
You feel quick.
The eight-headed hydra bites you but does no damage.
The eight-headed hydra bites you!
* * * LOW HITPOINT WARNING * * *
You block the eight-headed hydra's attack. x2
The eight-headed hydra bites you!
You die...

#..............#
..##<.......#
#.##........#
..##........# #
#.##........#
#.##.##........#
.............#
####D######.####
#...@...###.######
####.#####...........#
#...5# #...##.####.##.
#.##.# #......##......
####.##5# #.........#
........#####.###..####.#
.##...........# #.......#
##..#.)#..#### #.#######
.........<.# #.#


You could see an eight-headed hydra.

Vanquished Creatures
  6 yaks (D:6)
  Menkaure (Ossuary)
  The ghost of ryw the Shooter, an amateur DEAM of Hepliaklqana (D:3)
  2 water moccasins
  An orc warrior (D:6)
  A black bear (D:7)
  A necrophage (D:3)
  2 centaurs
  A kobold brigand (D:6)
  3 scorpions
  A water moccasin zombie (D:6)
  A water moccasin skeleton (D:5)
  A howler monkey (D:7)
  3 hounds
  An orc priest (D:5)
  A gnoll shaman (D:4)
  A bullfrog skeleton (D:6)
  An iguana (D:7)
  Ijyb (D:3)
  5 orc wizards
  Natasha (thrice) (D:3)
  3 mummies (Ossuary)
  5 adders
  8 gnolls
  A howler monkey skeleton (D:5)
  A white imp (D:7)
  A worm (D:3)
  2 dart slugs
  21 orcs
  4 ball pythons
  6 endoplasms
  12 giant cockroaches
  5 gnoll zombies (Ossuary)
  6 goblins
  11 hobgoblins
  3 quokkas (D:1)
  5 bats
  3 frilled lizards (D:1)
  7 gnoll skeletons (Ossuary)
  3 goblin skeletons (Ossuary)
  3 hobgoblin skeletons (Ossuary)
  7 hobgoblin zombies (Ossuary)
  9 kobolds
  5 kobold skeletons (Ossuary)
  5 kobold zombies (Ossuary)
  3 orc skeletons (Ossuary)
  4 orc zombies (Ossuary)
  5 rats
  4 rat skeletons (Ossuary)
  4 rat zombies (Ossuary)
194 creatures vanquished.

Vanquished Creatures (collateral kills)
  An acid dragon (D:6)
  2 orc wizards (D:6)
3 creatures vanquished.

Vanquished Creatures (others)
  6 toadstools (D:2)
6 creatures vanquished.

Grand Total: 203 creatures vanquished

Notes
Turn   | Place    | Note
-------+----------+-------------------------------------------
     0 | D:1      | zap2161 the Tengu Air Elementalist began the quest for the
                  | Orb.
     0 | D:1      | Reached XP level 1. HP: 10/10 MP: 4/4
   104 | D:1      | Reached XP level 2. HP: 10/15 MP: 1/6
   117 | D:1      | Learned a level 2 spell: Static Discharge
   443 | D:1      | Reached XP level 3. HP: 18/19 MP: 1/7
   447 | D:1      | Learned a level 3 spell: Swiftness
   449 | D:1      | You fall into a shaft and drop 1 floor!
  1055 | D:2      | Found a faded altar of an unknown god.
  1169 | D:2      | Found Viogoavu's Magic Scroll Boutique.
  1315 | D:3      | Reached skill level 5 in Air Magic
  1326 | D:3      | Noticed a necrophage
  1396 | D:2      | Bought a scroll of identify for 26 gold pieces
  1476 | D:3      | Killed a necrophage
  1477 | D:3      | Reached XP level 4. HP: 22/24 MP: 0/9
  1477 | D:3      | Gained mutation: Your magical nature lets you fly swiftly
                  | and evasively. [Tengu growth]
  1477 | D:3      | Reached XP level 5. HP: 26/28 MP: 0/10
  1805 | D:3      | Learned a level 4 spell: Airstrike
  1845 | D:3      | Noticed Ijyb
  1846 | D:3      | Noticed Pargi
  1925 | D:3      | Found a runed translucent door.
  1927 | D:3      | Noticed Natasha
  1931 | D:3      | Killed Natasha
  1945 | D:3      | Noticed ryw's ghost (amateur DEAM)
  1959 | D:3      | Noticed Natasha
  1965 | D:3      | Killed Natasha
  2023 | D:3      | Killed Ijyb
  2024 | D:3      | Reached XP level 6. HP: 18/32 MP: 0/11
  2085 | D:3      | Noticed Natasha
  2091 | D:3      | Killed Natasha
  2156 | D:2      | HP: 1/32 [Pargi (2)]
  2338 | D:3      | Killed ryw's ghost
  2339 | D:3      | Reached skill level 5 in Conjurations
  2541 | D:4      | Found a sand-covered staircase.
  2557 | Ossuary  | Entered an ossuary
  3046 | Ossuary  | Reached skill level 6 in Air Magic
  3119 | Ossuary  | Noticed Menkaure
  3276 | Ossuary  | Killed Menkaure
  3277 | Ossuary  | Reached XP level 7. HP: 19/36 MP: 8/14
  3757 | D:4      | HP: 1/36 [something (2)]
  4163 | D:5      | Entered Level 5 of the Dungeon
  4170 | D:5      | Reached skill level 7 in Air Magic
  4281 | D:5      | Found a staircase to the Ecumenical Temple.
  4290 | Temple   | Entered the Ecumenical Temple
  4469 | Temple   | Became a worshipper of Vehumet
  4513 | D:5      | Reached skill level 5 in Spellcasting
  4513 | D:5      | Reached XP level 8. HP: 37/42 MP: 6/16
  4570 | D:5      | Found an ornate altar of the Wu Jian Council.
  4620 | D:5      | Found a hide-covered altar of Uskayaw.
  4623 | D:5      | Noticed a +0 dagger
  4623 | D:5      | Noticed a +0 dagger
  4864 | D:5      | Reached skill level 8 in Air Magic
  4895 | D:5      | Reached * piety under Vehumet
  4895 | D:5      | Offered knowledge of Sandblast by Vehumet.
  5196 | D:6      | Reached skill level 1 in Fighting
  5205 | D:6      | Noticed a yak
  5209 | D:6      | Noticed a yak
  5210 | D:6      | Noticed a yak
  5210 | D:6      | Noticed a yak
  5211 | D:6      | Noticed a yak
  5212 | D:6      | Killed a yak
  5213 | D:6      | Reached skill level 9 in Air Magic
  5213 | D:6      | Reached XP level 9. HP: 10/47 MP: 1/19
  5698 | D:6      | Found a bloodstained altar of Trog.
  5802 | D:6      | Found a shimmering blue altar of Sif Muna.
  5823 | D:6      | Learned a level 5 spell: Lightning Bolt
  5910 | D:6      | Reached skill level 10 in Air Magic
  6856 | D:7      | Offered knowledge of Searing Ray by Vehumet.
  6860 | D:7      | Learned a level 2 spell: Searing Ray
  6945 | D:7      | Noticed an eight-headed hydra
  7101 | D:7      | Mangled by an eight-headed hydra

Illustrated notes

Levels and vault maps discovered:
D:1:      scummos_arrival_simple_crosswalls, layout_basic, nrook_loot_triangle,
          minmay_tromino_v7
D:2:      cheibrodos_fertilizer, layout_basic,
          hellmonk_ecumenical_altar_run_dry, serial_shops,
          nicolae_lakefront_shop, skrybe_limestone_x
D:3:      minmay_roachtagon, layout_loops_ring, ebering_ghost_reflecting_pool,
          lemuel_old_faithful, uniq_pargi, uniq_natasha, uniq_ijyb
D:4:      layout_loops_cross, zin_scriptorium, chequers_ossuary_entry_cave
D:5:      layout_loops_corners, nzn_wu_jian_contemplation,
          dancing_weapons_uskayaw, minmay_temple_entry_waves
D:6:      minmay_cornered_nines, layout_loops_ring,
          mainiacjoe_overflow_cross_hatched, nicolae_sif_muna_condensation
D:7:      layout_loops_cross
Temple:   regret_index_temple_sphere_string

Skill      XL: |  1  2  3  4  5  6  7  8  9 |
---------------+----------------------------+-----
Conjurations   | 3 4 5 6 7 8 |  8.5
Air Magic      | 5 6 7 9 10 | 10.4
Spellcasting   | 3 4 5 6 7 |  7.3
Stealth        | 3 |  3.6
Dodging        | 3 |  3.6
Fighting       | 1 |  1.9
Short Blades   | |  0.5
Shields        | |  0.1
Evocations     | |  0.3

Action                   |  1- 3 |  4- 6 |  7- 9 || total
-------------------------+-------+-------+-------++-------
Melee: Dagger            |    16 |       |       ||    16
       Kick              |     5 |     6 |     9 ||    20
       Peck              |     2 |     2 |     6 ||    10
       Spear             |     3 |    34 |    18 ||    55
       Hand axe          |       |       |    12 ||    12
       Short sword       |       |       |    18 ||    18
Throw: Dart              |       |     3 |       ||     3
       Throwing net      |       |       |     2 ||     2
 Cast: Shock             |    63 |   125 |   111 ||   299
       Static Discharge  |     4 |    14 |    34 ||    52
       Swiftness         |       |     3 |     3 ||     6
       Airstrike         |       |     1 |     4 ||     5
       Lightning Bolt    |       |       |    13 ||    13
       Searing Ray       |       |       |     1 ||     1
Evoke: Wand              |       |       |     1 ||     1
  Use: Scroll            |     2 |     2 |     7 ||    11
       Potion            |       |       |     7 ||     7
 Stab: Distracted        |       |       |     1 ||     1
Armor: Robe              |     4 |     5 |     3 ||    12
Dodge: Dodged            |    17 |    11 |    43 ||    71
Block: Other             |       |     6 |    14 ||    20

Table legend: (Time is in decaauts)
 A = Elapsed time spent in this place.
 B = Non-inter-level travel time spent in this place.
 C = Inter-level travel time spent in this place.
 D = Time resting spent in this place.
 E = Time spent auto-exploring this place.
 F = Levels seen in this place.
 G = Mean time per level.
                   A        B        C        D        E       F      G
               +--------+--------+--------+--------+--------+-----+--------+
         Total |   6706 |   6706 |      0 |      0 |      0 |   9 |  745.1 |
       Dungeon |   5608 |   5608 |      0 |      0 |      0 |   7 |  801.1 |
        Temple |    176 |    176 |      0 |      0 |      0 |   1 |  176.0 |
       Ossuary |    920 |    920 |      0 |      0 |      0 |   1 |  920.0 |
               +--------+--------+--------+--------+--------+-----+--------+

Top non-repeatable levels by time:
     D:6: 1094 daAuts
     D:5: 990 daAuts
 Ossuary: 920 daAuts
     D:3: 859 daAuts
     D:1: 779 daAuts
     D:4: 757 daAuts
     D:2: 684 daAuts
     D:7: 443 daAuts
  Temple: 176 daAuts
